 Dungeon Crawl Stone Soup version 0.26.1-11-gd32895ea62 (webtiles) character file.

Game seed: 3429184831910114906

4 Zeld the Insei (level 1, 0/13 HPs)
             Began as an Octopode Transmuter on May 27, 2021.
             Slain by a goblin (3 damage)
             ... on level 2 of the Dungeon.
             The game lasted 00:00:29 (203 turns).

Zeld the Insei (Octopode Transmuter)                 Turns: 203, Time: 00:00:29

Health: 0/13       AC:  1    Str:  9    XL:     1   Next: 60%
Magic:  2/3        EV: 13    Int: 15    God:
Gold:   33         SH:  0    Dex: 12    Spells: 3/4 levels left

rFire    . . .     SeeInvis .     - Unarmed
rCold    . . .     Faith    .   (no shield)
rNeg     . . .     Spirit   .   (helmet currently unavailable)
rPois    .         Reflect  .   (no amulet)
rElec    .         Harm     .   (no ring)
rCorr    .         Rampage  .   (no ring)
Will     .....                  (no ring)
Stlth    ++........             (no ring)
HPRegen  0.04/turn              (no ring)
MPRegen  0.08/turn              (no ring)
                                (no ring)
                                (no ring)

@: appendages (expiring)
A: almost no armour, stealthy swim, amphibious, 8 rings, constrict 8, tentacle
spike 3, camouflage 1, gelatinous body 1
a: End Transformation


You were on level 2 of the Dungeon.
One of your tentacles had a temporary spike.
You visited 1 branch of the dungeon, and saw 3 of its levels.

You collected 33 gold pieces.

Inventory:

Potions
 a - a potion of brilliance {unknown}
 b - 2 potions of experience {unknown}
 c - a potion of berserk rage {unknown}


   Skills:
 + Level 1.1 Fighting
 + Level 2.0 Dodging
 - Level 3.0 Unarmed Combat
 * Level 2.1 Spellcasting
 * Level 2.1 Transmutations


You had 3 spell levels left.
You knew the following spells:

 Your Spells              Type           Power        Failure   Level
a - Beastly Appendage     Tmut           14%          10%         1

Your spell library contained the following spells:

 Spells                   Type           Power        Failure   Level
 Wereblood                Tmut           7%           14%         2
 Spider Form              Tmut/Pois      2%           38%         3
 Ice Form                 Ice/Tmut       4%           80%         4
 Blade Hands              Tmut           3%           95%         5


Dungeon Overview and Level Annotations

Branches:
Dungeon (3/15)

Altars:

Annotations:
D:3 Grinder


Innate Abilities, Weirdness & Mutations

You cannot wear most types of armour.
You are very stealthy in the water. (Stealth+)
You are amphibious.
You can wear up to eight rings at the same time.
You can use your tentacles to constrict eight enemies at once.
Your skin changes colour to match your surroundings (Stealth+).
Your rubbery body absorbs attacks. (AC +1, EV +1)
One of your tentacles bears a large vicious spike.


Message History

Casting: Beastly Appendage (safe; 10% risk of failure)
Confirm with . or Enter, or press ? or * to list all spells.
One of your tentacles grows a vicious spike.
Grinder blinks!
The goblin barely misses you. The goblin hits you.
The kobold hits you with a +0 whip.
You closely miss the goblin. Your grab misses the goblin.
Your squeeze misses the goblin. The goblin hits you. The kobold misses you.
You tentacle-slap the goblin. Your grab misses the goblin.
The goblin is severely wounded.
Grinder blinks!
The goblin hits you.
* * * LOW HITPOINT WARNING * * *
Your transformation is almost over.
The kobold misses you. The goblin closely misses you.
You climb upwards.
There is a stone staircase leading down here.
You tentacle-slap the kobold but do no damage.
You grab the kobold.
You constrict the kobold, but do no damage.
The kobold barely misses you. The goblin hits you.
You die...

.. ...#.. .. ##..
...#.. # ....#...#
..... .#
....#.#.###.... ..
............#.# ..
............#.# .#
............#.#..#
..........g......#
#......@..#........
###...K######......
####.# ###.#.#..
#[###..... ...
######.....## #. ..
##.....#.....###.g
. ##...............
.#
#................
#................


You could see a goblin and a kobold.

Vanquished Creatures
  A giant cockroach (D:1)
  2 goblins (D:1)
3 creatures vanquished.

Notes
Turn   | Place    | Note
-------+----------+-------------------------------------------
     0 | D:1      | Zeld the Octopode Transmuter began the quest for the Orb.
     0 | D:1      | Reached XP level 1. HP: 13/13 MP: 3/3
   160 | D:3      | Noticed a phantom
   178 | D:3      | Noticed Grinder
   203 | D:2      | Slain by a goblin

Illustrated notes

Levels and vault maps discovered:
D:1:      dpeg_arrival_three_same_balls, layout_basic
D:2:      layout_rooms, lemuel_doored_altar, minmay_split_cup_small
D:3:      layout_basic, uniq_grinder

Action                   || total
-------------------------++-------
Melee: Unarmed           ||    10
       Constrict         ||     2
       Kick              ||     1
 Cast: Beastly Appendage ||     4
Dodge: Dodged            ||    12
